 Dungeon Crawl Stone Soup version 0.30-a0-29-g142975f185 (webtiles) character file.

Game seed: 16878625610885510922

4 Spectrina the Ducker (level 1, 0/13 HPs)
             Began as a Deep Elf Monk on Aug 26, 2022.
             Hit by a stone thrown by a kobold (2 damage)
             ... on level 1 of the Dungeon.
             The game lasted 00:00:52 (135 turns).

Spectrina the Ducker (Deep Elf Monk)                 Turns: 135, Time: 00:00:52

Health: 0/13       AC:  2    Str:  8    XL:     1   Next: 58%
Magic:  3/3        EV: 13    Int: 14    God:
Gold:   12         SH:  0    Dex: 17    Spells: 0/0 levels left

rFire   . . .      SeeInvis .    a - +0 short sword
rCold   . . .      Faith    .    (no shield)
rNeg    . . .      Spirit   .    b - +0 robe
rPois   .          Reflect  .    (no helmet)
rElec   .          Harm     .    (no cloak)
rCorr   .          Rampage  .    (no gloves)
Will    .....                    (no boots)
Stlth   ++........               (no amulet)
HPRegen 0.04/turn                (no ring)
MPRegen 0.08/turn                (no ring)

@: no status effects
A: no striking features
a: no special abilities


You were on level 1 of the Dungeon.
You visited 1 branch of the dungeon, and saw 2 of its levels.

You collected 12 gold pieces.

Inventory:

Hand Weapons
 a - a +0 short sword (weapon)
Armour
 b - a +0 robe (worn)
Potions
 c - a potion of ambrosia
 d - a potion of resistance {unknown}
 e - a potion of curing {unknown}


   Skills:
 + Level 2.5 Fighting
 - Level 3.0 Short Blades
 - Level 3.6 Dodging
 + Level 2.8 Stealth


You couldn't memorise any spells.
You didn't know any spells.
Your spell library was empty.

Dungeon Overview and Level Annotations

Branches:
Dungeon (2/15)

Altars:


Message History

The worm is severely wounded.
The worm closely misses you.
You barely miss the worm.
The worm is heavily wounded.
You hit the worm.
The worm is almost dead.
The worm barely misses you.
You hit the worm but do no damage.
The worm is severely wounded.
The worm barely misses you.
You hit the worm.
You kill the worm!
There is a stone staircase leading up here.
There is a stone staircase leading up here.
You climb upwards.
There is a stone staircase leading down here.
You open the door.
Found 12 gold pieces.
Found a dagger.
There is an open door here.
A kobold comes into view.
It is wielding a +2 dagger of protection.
Found a scroll labelled XUIBUE BEMAFE.
The kobold shouts!
A ball python comes into view.
The kobold throws a stone.
The stone closely misses you.
The ball python hisses angrily.
The kobold hits you with a +2 dagger of protection.
You closely miss the kobold.
A rat comes into view.
The kobold barely misses you. The kobold attacks as you move away!
The kobold hits you with a +2 dagger of protection.
There is an open door here.
The kobold attacks as you move away!
The kobold hits you with a +2 dagger of protection.
* * * LOW HITPOINT WARNING * * *
A ball python comes into view.
The ball python hisses angrily.
The kobold throws a stone.
The stone hits you.
You die...

#+# #.#...#
#.#...#####
#@#.......# ##
########.#.......#
...
...S....K#.......#
.##
########S#...?...#
..# #..........#
#.. #..........# #
. #.........# #
#.........# #
#.........#


You could see a ball python and a kobold.

Vanquished Creatures
  A worm (D:2)
  2 rats (D:1)
3 creatures vanquished.

Notes
Turn   | Place    | Note
-------+----------+-------------------------------------------
     0 | D:1      | Spectrina the Deep Elf Monk began the quest for the Orb.
     0 | D:1      | Reached XP level 1. HP: 13/13 MP: 3/3
   135 | D:1      | Hit by a stone thrown by a kobold

Illustrated notes

Levels and vault maps discovered:
D:1:      onia_arrival_mini_maze, layout_basic
D:2:      minmay_wonky_spiral, layout_basic, serial_shops,
          nicolae_shop_advertising_works [nicolae_subvault_shop_adworks]

Action                   || total
-------------------------++-------
Melee: Short sword       ||     8
 Stab: Sleeping          ||     2
Dodge: Dodged            ||     5

Table legend: (Time is in decaauts)
 A = Elapsed time spent in this place.
 B = Non-inter-level travel time spent in this place.
 C = Inter-level travel time spent in this place.
 D = Time resting spent in this place.
 E = Time spent auto-exploring this place.
 F = Levels seen in this place.
 G = Mean time per level.
                   A        B        C        D        E       F      G
               +--------+--------+--------+--------+--------+-----+--------+
         Total |    134 |    134 |      0 |      0 |      0 |   2 |   67.0 |
       Dungeon |    134 |    134 |      0 |      0 |      0 |   2 |   67.0 |
               +--------+--------+--------+--------+--------+-----+--------+

Top non-repeatable levels by time:
     D:1: 98 daAuts
     D:2: 35 daAuts
